[Event "January 2 Late 2024"]
[Site "https://www.chess.com"]
[Date "2024.01.02"]
[Round "2"]
[White "Vila Dupla, Aurelio"]
[Black "Mendoza, Rodrigo"]
[Result "0-1"]
[Board "213"]
[TimeControl "180+1"]
[WhiteFideId "2203383"]
[BlackFideId "3301931"]
[WhiteElo "2182"]
[BlackElo "2453"]
[WhiteTeam "ESP"]
[BlackTeam "BOL"]
[WhiteClock "0:00:17"]
[BlackClock "0:01:35"]

1. Nf3 Nf6 2. d4 e6 3. g3 b6 4. Bg2 Bb7 5. O-O Be7 6. c4 O-O 7. Nc3 c6 8. Re1 d5 9. e4 dxe4 10. Nxe4 Nxe4 11. Rxe4 c5 12. Re1 cxd4 13. Qxd4 Nc6 14. Qg4 Bf6 15. Bg5 h6 16. Bxf6 Qxf6 17. b3 Rfd8 18. Rad1 Nb4 19. Ne5 Bxg2 20. Kxg2 Nc2 21. Rxd8+ Rxd8 22. Re2 Nd4 23. Re4 Nf5 24. Qe2 Rd6 25. Rf4 Qd8 26. Nf3 Rd1 27. Qe4 Qd3 28. Qxd3 Rxd3 29. Ne5 Rd2 30. g4 g5 31. Rf3 Nh4+ 32. Kg3 Nxf3 0-1

[Event "January 2 Late 2024"]
[Site "https://www.chess.com"]
[Date "2024.01.02"]
[Round "2"]
[White "yujiarun18"]
[Black "Plotnikov, Pavel"]
[Result "0-1"]
[Board "214"]
[TimeControl "180+1"]
[BlackFideId "4170342"]
[WhiteElo "2173"]
[BlackElo "2448"]
[BlackTeam "RUS"]
[WhiteClock "0:00:05"]
[BlackClock "0:00:56"]

1. e4 e6 2. d4 d5 3. Nd2 Be7 4. c3 Nf6 5. e5 Nfd7 6. Bd3 c5 7. Ne2 Nc6 8. O-O O-O 9. Nf3 f6 10. exf6 Bxf6 11. Bf4 Qe7 12. Re1 g5 13. Be3 g4 14. Nd2 e5 15. dxe5 Ndxe5 16. Nf4 d4 17. cxd4 cxd4 18. Nd5 Qf7 19. Bh6 Nxd3 20. Nxf6+ Qxf6 21. Qb3+ Kh8 22. Bxf8 Nxe1 23. Rxe1 Qxf8 24. Ne4 Qg7 25. Ng5 Qg8 26. Nf7+ Kg7 27. Ng5 Qxb3 28. axb3 Kg6 29. Ne4 Bf5 30. Nc5 d3 31. Rd1 Re8 32. h3 h5 33. hxg4 hxg4 34. Nxd3 Bxd3 35. Rxd3 Re1+ 36. Kh2 Re2 37. Kg3 Rxb2 38. Rd6+ Kf5 39. Rd7 Rxb3+ 40. f3 gxf3 41. gxf3 Rxf3+ 42. Kxf3 Ne5+ 43. Ke3 Nxd7 44. Kd4 Ke6 45. Kc3 0-1

[Event "January 2 Late 2024"]
[Site "https://www.chess.com"]
[Date "2024.01.02"]
[Round "2"]
[White "Sanchez Alvares, Kelvin Antonio"]
[Black "Negron Lizarazo, Juan Sebastian"]
[Result "0-1"]
[Board "215"]
[TimeControl "180+1"]
[WhiteFideId "3906680"]
[BlackFideId "3936910"]
[WhiteElo "2445"]
[BlackElo "2169"]
[WhiteTeam "VEN"]
[BlackTeam "COL"]
[WhiteClock "0:00:00"]
[BlackClock "0:00:48"]

1. e4 c5 2. Nf3 d6 3. d4 cxd4 4. Nxd4 Nf6 5. Nc3 a6 6. Be3 e5 7. Nb3 Be7 8. Qd2 Be6 9. O-O-O Nc6 10. f4 exf4 11. Bxf4 Qd7 12. Bxd6 Rd8 13. e5 Bxd6 14. exd6 O-O 15. Nc5 Qe8 16. N3e4 Nxe4 17. Nxe4 Bg4 18. Re1 Qd7 19. Qg5 Qe6 20. Bc4 Qxc4 21. Qxg4 Qxa2 0-1

[Event "January 2 Late 2024"]
[Site "https://www.chess.com"]
[Date "2024.01.02"]
[Round "2"]
[White "Porat, Tori"]
[Black "Sliwicki, Damian"]
[Result "1-0"]
[Board "216"]
[TimeControl "180+1"]
[WhiteFideId "30982626"]
[BlackFideId "1127128"]
[WhiteElo "2162"]
[BlackElo "2445"]
[WhiteTeam "USA"]
[BlackTeam "POL"]
[WhiteClock "0:00:12"]
[BlackClock "0:00:05"]

1. d4 c5 2. d5 d6 3. c4 g6 4. Nc3 Bg7 5. Nf3 e5 6. e4 Ne7 7. Be2 O-O 8. O-O Kh8 9. a3 Ng8 10. b4 b6 11. Bg5 f6 12. Bh4 Nd7 13. Nb5 Qe7 14. Nc7 Rb8 15. Ne6 Rf7 16. Nd2 Nf8 17. Nxg7 Kxg7 18. Bg4 h5 19. Bxc8 Rxc8 20. f4 exf4 21. Be1 Qe5 22. Rc1 g5 23. Qxh5 Ng6 24. Qe2 Qb2 25. Bf2 Qxa3 26. bxc5 bxc5 27. Nb1 Qb3 28. Nc3 N8e7 29. Nb5 a6 30. Nxd6 Rh8 31. Nxf7 Kxf7 32. d6 Nc6 33. Qd2 Nge5 34. Qd5+ Kg6 35. d7 f3 36. Qe6 Qb8 37. Qf5+ Kf7 38. Bg3 Nd4 39. Bxe5 Qxe5 40. Qxe5 fxe5 41. Rce1 Ke7 42. gxf3 Rd8 43. Ra1 Rxd7 44. Rxa6 Ne2+ 45. Kf2 Nf4 46. Rh6 Rd2+ 47. Kg1 Rg2+ 48. Kh1 g4 49. Rh7+ Kf6 50. fxg4 Rxg4 51. Rh6+ Kg5 52. Rh8 Kf6 53. Rf8+ Ke7 54. Ra8 Nh3 55. Ra7+ Ke6 56. Rh7 Nf4 57. Rh6+ Kf7 58. h3 Rg3 59. Kh2 Rg2+ 60. Kh1 Re2 61. Ra6 Kg7 62. Ra7+ Kg6 63. Rg1+ Kh5 64. Rh7# 1-0

[Event "January 2 Late 2024"]
[Site "https://www.chess.com"]
[Date "2024.01.02"]
[Round "2"]
[White "chucksterf10"]
[Black "Kovacevic, Radmila"]
[Result "1-0"]
[Board "217"]
[TimeControl "180+1"]
[BlackFideId "933171"]
[WhiteElo "2444"]
[BlackElo "2154"]
[BlackTeam "SRB"]
[WhiteClock "0:00:15"]
[BlackClock "0:00:11"]

1. Nf3 c5 2. c4 Nc6 3. g3 e5 4. d3 Be7 5. Bg2 h5 6. h3 h4 7. g4 f5 8. gxf5 d6 9. e4 Nf6 10. Nc3 Nd4 11. Bg5 Bd7 12. Nxh4 Rxh4 13. Bxh4 Qa5 14. O-O O-O-O 15. a3 Rh8 16. b4 Qd8 17. Bxf6 Bxf6 18. Nd5 Bg5 19. bxc5 dxc5 20. a4 g6 21. fxg6 Kb8 22. f4 exf4 23. Nxf4 Qf6 24. g7 Qxg7 25. Ra2 Rh4 26. Raf2 Bxf4 27. Rxf4 Bxh3 28. Rf8+ Bc8 29. Qe1 Rg4 30. Qf2 Rg3 31. Qf4+ Qc7 32. Qxc7+ Kxc7 33. R8f7+ Bd7 34. Rd1 Kd6 35. Kf2 Rg6 36. Rh1 Be6 37. Rxb7 Rf6+ 38. Ke3 Nc2+ 39. Ke2 Nd4+ 40. Ke1 Nc2+ 41. Kd1 Ne3+ 42. Kd2 Nxg2 43. Rxa7 Rf2+ 44. Kc3 Ne3 45. Rh6 Rc2+ 46. Kb3 Rxc4 47. dxc4 Ke5 48. Re7 Kd4 49. Rexe6 Nxc4 50. Rd6+ Ke5 51. Rhe6+ Kf4 52. Rc6 Kf3 53. Rxc5 Nd2+ 54. Kc2 Nf1 55. Rf6+ Kxe4 56. Rxf1 Kd4 57. Rc3 Kd5 58. Rd3+ Kc5 59. Rb1 Kc4 60. Rc3+ Kd5 61. Rd1+ Ke4 62. Rc8 Ke5 63. Re8+ Kf6 64. Rf1+ Kg7 65. Re2 Kg6 66. Rg2+ 1-0

[Event "January 2 Late 2024"]
[Site "https://www.chess.com"]
[Date "2024.01.02"]
[Round "2"]
[White "Gruzman, Ilya"]
[Black "th3d4rkness"]
[Result "0-1"]
[Board "218"]
[TimeControl "180+1"]
[WhiteFideId "2812703"]
[WhiteElo "2439"]
[BlackElo "2148"]
[WhiteTeam "ISR"]
[WhiteClock "0:00:00"]
[BlackClock "0:00:18"]

1. e4 c5 2. c4 Nc6 3. Ne2 g6 4. d4 cxd4 5. Nxd4 Bg7 6. Be3 Nf6 7. Nc3 O-O 8. Be2 d6 9. O-O Bd7 10. f4 Nxd4 11. Bxd4 Bc6 12. Bf3 a5 13. Qe2 Nd7 14. Bxg7 Kxg7 15. Rad1 a4 16. e5 Qb6+ 17. Kh1 dxe5 18. fxe5 e6 19. Rd6 Qc7 20. Bxc6 bxc6 21. Qf3 Ra6 22. Ne4 Rb6 23. c5 Rxb2 24. Nf6 Nxf6 25. exf6+ Kh8 26. Rd3 Rxa2 27. Qh3 Qe5 28. Qh6 Rg8 29. h3 Ra1 30. Rf3 Rxf1+ 31. Rxf1 a3 32. Qd2 Qb2 33. Qh6 a2 34. Rf4 a1=Q+ 35. Kh2 Qxf6 36. Rxf6 Qxf6 37. h4 Rd8 38. h5 Qe5+ 0-1

[Event "January 2 Late 2024"]
[Site "https://www.chess.com"]
[Date "2024.01.02"]
[Round "2"]
[White "Montano Vicente, Guadalupe"]
[Black "Micic, Aleksa"]
[Result "1/2-1/2"]
[Board "219"]
[TimeControl "180+1"]
[WhiteFideId "5181399"]
[BlackFideId "989940"]
[WhiteElo "2145"]
[BlackElo "2439"]
[WhiteTeam "MEX"]
[BlackTeam "SRB"]
[WhiteClock "0:00:07"]
[BlackClock "0:00:19"]

1. d4 Nf6 2. c4 g6 3. Nc3 d5 4. Nf3 Bg7 5. Qb3 dxc4 6. Qxc4 Be6 7. Qb5+ Bd7 8. Qxb7 Bc6 9. Qb3 O-O 10. e3 Nbd7 11. Be2 Rb8 12. Qc2 Ba8 13. O-O c5 14. dxc5 Nxc5 15. Rd1 Qc8 16. Bd2 Nfe4 17. Rac1 Na4 18. Qxa4 Nc5 19. Qc2 Qb7 20. b3 Rfc8 21. Qb1 g5 22. h3 h5 23. Ne1 Ne6 24. Bf3 Qa6 25. Bxa8 Rxa8 26. Na4 Rd8 27. Bc3 Qe2 28. Bxg7 Nxg7 29. Nc3 Qa6 30. Qe4 e6 31. Qe5 Nf5 32. Rxd8+ Rxd8 33. g4 hxg4 34. hxg4 Ng7 35. Qxg5 Rd2 36. Qf4 Qa3 37. Qb8+ Kh7 38. Rd1 Qb2 39. Qh2+ Kg8 40. Qb8+ Kh7 41. Qh2+ Kg6 42. Rxd2 Qxd2 43. Qe5 Qxe1+ 44. Kg2 Qd2 45. Ne4 Qd5 46. Qf6+ Kh7 47. f3 Qd7 48. Ng5+ Kg8 49. Qh6 Ne8 50. Qh7+ Kf8 51. Qh8+ Ke7 52. Qh7 Nd6 53. Qd3 Qc6 54. Kg3 Qc5 55. Ne4 Qe5+ 56. Kf2 Qb2+ 57. Kg3 Nxe4+ 58. Qxe4 Qxa2 59. Qb7+ Kf6 60. Qb8 Qa3 61. Qf4+ Kg7 62. Qg5+ Kf8 63. Qd8+ Kg7 64. Qg5+ Kh7 65. Qh5+ Kg8 66. Qg5+ Kf8 67. Qd8+ Kg7 68. Qg5+ 1/2-1/2

[Event "January 2 Late 2024"]
[Site "https://www.chess.com"]
[Date "2024.01.02"]
[Round "2"]
[White "Mizzi, Jack"]
[Black "hoshiboshi"]
[Result "1/2-1/2"]
[Board "220"]
[TimeControl "180+1"]
[WhiteFideId "5602521"]
[WhiteElo "2437"]
[BlackElo "2139"]
[WhiteTeam "MLT"]
[WhiteClock "0:00:09"]
[BlackClock "0:00:06"]

1. d4 Nf6 2. c4 e6 3. g3 d5 4. Bg2 dxc4 5. Nf3 Nbd7 6. O-O c6 7. a4 b6 8. Nbd2 Bb7 9. Nxc4 Be7 10. Nfe5 Nxe5 11. dxe5 Nd5 12. e4 Nb4 13. Nd6+ Bxd6 14. exd6 O-O 15. b3 e5 16. Ba3 a5 17. Qd2 c5 18. f4 Re8 19. fxe5 Rxe5 20. Bb2 Re6 21. e5 Bxg2 22. Kxg2 Qd7 23. Kg1 Nc6 24. Qd5 Rae8 25. Rfe1 Ne7 26. Qf3 Ng6 27. Qf5 f6 28. Rad1 fxe5 29. Qd3 Rd8 30. Qc4 Kh8 31. Qe4 Rxd6 32. Rxd6 Qxd6 33. Bxe5 Nxe5 34. Qxe5 Qd4+ 35. Qxd4 cxd4 36. Kf2 Kg8 37. Re7 Rd6 38. Ke2 Kf8 39. Rb7 h5 40. Kd3 Kg8 41. h3 Kh7 42. h4 Kg6 43. Rc7 Kf6 44. Rb7 g5 45. hxg5+ Kxg5 46. Rc7 Kg4 47. Rg7+ Kh3 48. Rg5 h4 49. gxh4 Kxh4 50. Re5 Kg4 51. Re4+ Kf5 52. Rxd4 Ke5 53. Rxd6 Kxd6 54. Kc3 Kc5 55. Kc2 Kc6 56. Kc3 Kc5 57. Kc2 Kc6 58. Kb2 Kc5 59. Kc3 Kc6 60. Kc4 Kc7 61. Kd5 Kd7 62. Ke4 Ke6 63. Kd4 Kd6 64. Kd3 Kd5 65. Kd2 Kd4 66. Kc2 Kc5 67. Kc3 Kc6 68. Kc4 Kc7 69. Kd4 Kd6 70. Kc4 Kc6 71. b4 axb4 72. Kxb4 Kc7 73. Kc4 Kc6 74. Kd4 Kd6 75. Kd3 Kd5 76. Kc3 Kc5 77. Kb3 Kc6 78. Kb4 Kc7 79. Kb5 Kb7 80. Kb4 Kc7 1/2-1/2

[Event "January 2 Late 2024"]
[Site "https://www.chess.com"]
[Date "2024.01.02"]
[Round "2"]
[White "Novikova, Margarita"]
[Black "Federzoni, Enzo"]
[Result "1-0"]
[Board "221"]
[TimeControl "180+1"]
[WhiteFideId "14109689"]
[BlackFideId "2173301"]
[WhiteElo "2131"]
[BlackElo "2437"]
[WhiteTeam "GER"]
[BlackTeam "BRA"]
[WhiteClock "0:00:52"]
[BlackClock "0:00:20"]

1. e4 e5 2. Nf3 Nc6 3. Bc4 a6 4. c3 d6 5. h3 Be7 6. d4 Nf6 7. Qe2 O-O 8. O-O exd4 9. cxd4 d5 10. exd5 Nxd5 11. Nc3 Be6 12. Nxd5 Bxd5 13. Bxd5 Qxd5 14. Be3 Bf6 15. Rfd1 Rfe8 16. Qd3 Rad8 17. Rac1 Qxa2 18. Qc2 Qd5 19. Qa4 Rd7 20. Rd2 Red8 21. Rc5 Qe6 22. Qd1 h6 23. d5 Qe7 24. dxc6 Rxd2 25. Nxd2 b6 26. Rc2 Be5 27. Qf3 a5 28. g3 b5 29. Kg2 a4 30. Bc5 Qe6 31. Nf1 Rd5 32. Ne3 Rd3 33. Qe4 Rd8 34. f4 Bf6 35. Qxe6 fxe6 36. Kf3 Kf7 37. Ke4 h5 38. g4 hxg4 39. hxg4 Rb8 40. g5 Bd8 41. Bb4 Rb6 42. Ng4 Ra6 43. Ne5+ Ke8 44. Rh2 Be7 45. Rh8+ Bf8 46. Rxf8# 1-0

[Event "January 2 Late 2024"]
[Site "https://www.chess.com"]
[Date "2024.01.02"]
[Round "2"]
[White "Ivanov, Aleksandr"]
[Black "Bouget, Alexandre"]
[Result "0-1"]
[Board "222"]
[TimeControl "180+1"]
[WhiteFideId "2092980"]
[BlackFideId "681318"]
[WhiteElo "2126"]
[BlackElo "2436"]
[WhiteTeam "USA"]
[BlackTeam "FRA"]
[WhiteClock "0:00:00"]
[BlackClock "0:00:24"]

1. d4 Nf6 2. c4 g6 3. Nc3 d5 4. cxd5 Nxd5 5. e4 Nxc3 6. bxc3 Bg7 7. Nf3 c5 8. Be3 Qa5 9. Qd2 Nc6 10. Rc1 O-O 11. d5 Rd8 12. Be2 Bg4 13. O-O e6 14. Bg5 Rd7 15. Rfd1 h6 16. Bxh6 Bxf3 17. Bxf3 Ne5 18. Be2 c4 19. Bxg7 Kxg7 20. Bxc4 Nxc4 21. Qd4+ e5 22. Qxc4 Rc7 23. Qb3 b5 24. c4 Rac8 25. Qb2 bxc4 26. Qxe5+ f6 27. Qe6 c3 28. d6 Qb6 29. e5 Rf8 0-1

[Event "January 2 Late 2024"]
[Site "https://www.chess.com"]
[Date "2024.01.02"]
[Round "2"]
[White "Hoeffer, David"]
[Black "Petersson, Kjell"]
[Result "1-0"]
[Board "223"]
[TimeControl "180+1"]
[WhiteFideId "24606766"]
[BlackFideId "1705148"]
[WhiteElo "2436"]
[BlackElo "2120"]
[WhiteTeam "GER"]
[BlackTeam "SWE"]
[WhiteClock "0:00:46"]
[BlackClock "0:00:33"]

1. e4 c5 2. Nf3 d6 3. Bb5+ Nc6 4. Bxc6+ bxc6 5. O-O e5 6. h3 f5 7. Re1 Nf6 8. exf5 Bxf5 9. d4 cxd4 10. Nxd4 Bd7 11. f4 e4 12. f5 c5 13. Ne6 Bxe6 14. fxe6 Qc8 15. Nc3 Qxe6 16. Bg5 Be7 17. Bxf6 Qxf6 18. Nxe4 Qd4+ 19. Qxd4 cxd4 20. Nxd6+ Kd7 21. Nf5 Bf6 22. Nxd4 Rhe8 23. Red1 Kc7 24. c3 Rab8 25. b3 Re3 26. Rac1 Kb7 27. Rc2 Rxc3 28. Rxc3 Rd8 29. Rcd3 1-0

[Event "January 2 Late 2024"]
[Site "https://www.chess.com"]
[Date "2024.01.02"]
[Round "2"]
[White "Aung Thant Zin"]
[Black "Salman, Ilhan Serhat"]
[Result "0-1"]
[Board "224"]
[TimeControl "180+1"]
[WhiteFideId "13000063"]
[BlackFideId "6361579"]
[WhiteElo "2117"]
[BlackElo "2436"]
[WhiteTeam "MYA"]
[BlackTeam "TUR"]
[WhiteClock "0:00:00"]
[BlackClock "0:01:04"]

1. e4 d5 2. exd5 Qxd5 3. Nc3 Qa5 4. g3 Nf6 5. Bg2 c6 6. Nge2 Bg4 7. d3 e6 8. Bd2 Qc7 9. O-O Bd6 10. a4 Nbd7 11. a5 O-O 12. h3 Bh5 13. Qe1 Rfd8 14. Nf4 Bg6 15. Nxg6 hxg6 16. Ne4 Nxe4 17. Qxe4 Nf6 18. Qf3 Nd5 19. a6 bxa6 20. Rxa6 Qb7 21. Ra2 Rac8 22. Rfa1 a6 23. b3 Bb4 24. Bg5 Re8 25. Rxa6 Bc5 26. c4 Nb4 27. R6a4 Nc2 28. R1a2 Qxb3 29. Qd1 Nd4 30. Qxb3 Nxb3 31. Ra6 Nd4 32. Be3 Red8 33. Bxd4 Rxd4 34. Bxc6 Rxd3 35. Kg2 Rd6 36. Bb5 Rcd8 37. Re2 Rd2 38. Ra2 Rd1 39. h4 Rc1 40. Rad2 Ra8 41. Kf3 Ra3+ 42. Kg2 Raa1 43. Rd7 Rg1+ 44. Kf3 Ra3+ 45. Ke4 Rf1 0-1

[Event "January 2 Late 2024"]
[Site "https://www.chess.com"]
[Date "2024.01.02"]
[Round "2"]
[White "Urbina Perez, Juan Antonio"]
[Black "Gardezi, Arsal"]
[Result "1-0"]
[Board "225"]
[TimeControl "180+1"]
[WhiteFideId "2217368"]
[BlackFideId "30949521"]
[WhiteElo "2435"]
[BlackElo "2117"]
[WhiteTeam "ESP"]
[BlackTeam "USA"]
[WhiteClock "0:00:11"]
[BlackClock "0:00:34"]

1. d4 Nf6 2. c4 e6 3. Nf3 b6 4. g3 Be7 5. Bg2 Bb7 6. O-O O-O 7. d5 exd5 8. Nh4 d6 9. Nc3 Nbd7 10. Nf5 Ne5 11. cxd5 Bc8 12. Nd4 Bb7 13. f4 Ng6 14. e4 Re8 15. Be3 Bf8 16. Bf2 h5 17. h3 h4 18. Qd2 hxg3 19. Bxg3 Nh5 20. Bh2 Nh4 21. Rae1 g6 22. Kh1 Bg7 23. Rg1 Nxg2 24. Rxg2 Bc8 25. f5 Qh4 26. Reg1 Bxf5 27. Nxf5 gxf5 28. exf5 Kf8 29. f6 Bxf6 30. Nb5 Be5 31. Nxc7 Bxh2 32. Kxh2 Nf4 33. Rg8+ Ke7 34. Rxe8+ Rxe8 35. Qe3+ Kd7 36. Qxe8+ Kxc7 37. Rc1+ Kb7 38. Qc8# 1-0

[Event "January 2 Late 2024"]
[Site "https://www.chess.com"]
[Date "2024.01.02"]
[Round "2"]
[White "Spichkin, Alexander"]
[Black "Torres Hernandez, Leslie Carolin"]
[Result "1-0"]
[Board "226"]
[TimeControl "180+1"]
[WhiteFideId "4144074"]
[BlackFideId "8400504"]
[WhiteElo "2433"]
[BlackElo "2085"]
[WhiteTeam "RUS"]
[BlackTeam "HON"]
[WhiteClock "0:02:31"]
[BlackClock "0:00:00"]

1. f4 Nh6 2. Nf3 e6 3. d3 d5 4. e3 Nf5 5. Be2 Be7 6. O-O c5 7. c3 Nc6 8. Qe1 Bd7 9. e4 dxe4 10. dxe4 Nd6 11. Nbd2 Qc7 12. Qg3 O-O 13. Ng5 h6 14. Ngf3 Qd8 15. f5 exf5 16. e5 Ne4 17. Nxe4 fxe4 18. Bxh6 g6 19. Bxf8 Qxf8 20. Ng5 Nd8 21. Nxe4 Qg7 22. Bc4 Be6 23. Bxe6 Nxe6 24. Nf6+ Bxf6 25. exf6 Qh6 26. Rae1 Kh7 27. Rxe6 1-0

[Event "January 2 Late 2024"]
[Site "https://www.chess.com"]
[Date "2024.01.02"]
[Round "2"]
[White "Quirke, Jeffrey"]
[Black "Jaque Gutierrez, Matias"]
[Result "0-1"]
[Board "227"]
[TimeControl "180+1"]
[WhiteFideId "2013029"]
[BlackFideId "3426980"]
[WhiteElo "2078"]
[BlackElo "2432"]
[WhiteTeam "USA"]
[BlackTeam "CHI"]
[WhiteClock "0:00:28"]
[BlackClock "0:01:31"]

1. e4 c5 2. c3 Nf6 3. e5 Nd5 4. Nf3 e6 5. d4 cxd4 6. cxd4 d6 7. Bc4 Be7 8. O-O O-O 9. Qe2 b6 10. Rd1 Bb7 11. Bxd5 exd5 12. Nc3 Na6 13. Bf4 Nc7 14. exd6 Bxd6 15. Bxd6 Qxd6 16. Ne5 Rae8 17. Qf3 Ne6 18. Nb5 Qb4 19. a4 a6 20. Nd3 Qe7 21. Nc3 Nxd4 22. Qg4 Ne6 23. a5 d4 24. Na4 b5 25. Nb6 f5 26. Qh3 Ng5 27. Qh4 Nf3+ 0-1

[Event "January 2 Late 2024"]
[Site "https://www.chess.com"]
[Date "2024.01.02"]
[Round "2"]
[White "Brandao, Marcius Gomes"]
[Black "Morales Garcia, Sergio Joshafatt"]
[Result "0-1"]
[Board "228"]
[TimeControl "180+1"]
[WhiteFideId "2124980"]
[BlackFideId "5106249"]
[WhiteElo "2077"]
[BlackElo "2432"]
[WhiteTeam "BRA"]
[BlackTeam "MEX"]
[WhiteClock "0:00:36"]
[BlackClock "0:00:27"]

1. d4 d5 2. c4 c6 3. cxd5 cxd5 4. Nc3 Nc6 5. e3 Bf5 6. Nf3 e6 7. Ne5 Nxe5 8. dxe5 Ne7 9. Bb5+ Nc6 10. O-O Be7 11. g4 Bg6 12. f4 h6 13. f5 Bh7 14. e4 Qb6+ 15. Kg2 d4 16. Bxc6+ Qxc6 17. Qxd4 O-O 18. f6 Bc5 19. Qc4 Rfd8 20. b4 Bd4 21. Qxc6 bxc6 22. Bd2 Bxe5 23. fxg7 Rxd2+ 0-1

[Event "January 2 Late 2024"]
[Site "https://www.chess.com"]
[Date "2024.01.02"]
[Round "2"]
[White "Dobrijevic, Milan"]
[Black "De Souza, Arthur Olintho"]
[Result "1-0"]
[Board "229"]
[TimeControl "180+1"]
[WhiteFideId "931632"]
[BlackFideId "2116200"]
[WhiteElo "2431"]
[BlackElo "2076"]
[WhiteTeam "SRB"]
[BlackTeam "BRA"]
[WhiteClock "0:01:39"]
[BlackClock "0:01:36"]

1. e4 e6 2. d4 d5 3. Nc3 Bb4 4. e5 Qd7 5. a3 Bf8 6. h4 h6 7. Bd3 b6 8. h5 Ba6 9. Bxa6 Nxa6 10. Qd3 Nb8 11. Be3 c5 12. dxc5 bxc5 13. O-O-O Ne7 14. Bxc5 Nbc6 15. Nb5 Nf5 16. Bxf8 Kxf8 17. g4 Nxe5 18. Qe2 Nc4 19. Qxc4 Rc8 20. Qb4+ 1-0

[Event "January 2 Late 2024"]
[Site "https://www.chess.com"]
[Date "2024.01.02"]
[Round "2"]
[White "Ardito, Andrew"]
[Black "Suich, Peter D"]
[Result "0-1"]
[Board "230"]
[TimeControl "180+1"]
[WhiteFideId "2033976"]
[BlackFideId "2050366"]
[WhiteElo "2061"]
[BlackElo "2429"]
[WhiteTeam "USA"]
[BlackTeam "USA"]
[WhiteClock "0:01:05"]
[BlackClock "0:01:27"]

1. e4 c5 2. c3 e6 3. Nf3 d5 4. exd5 Qxd5 5. d4 Nf6 6. Be3 cxd4 7. Nxd4 Be7 8. c4 Qa5+ 9. Nc3 Ne4 10. Qa4+ Qxa4 11. Nxa4 Bb4+ 12. Kd1 Bd7 13. Nb5 O-O 14. Bd3 Nd6 15. a3 Bxb5 16. cxb5 Ba5 17. b4 Bd8 18. Bf4 Be7 19. Rc1 Rd8 20. Rc7 Nxb5 21. Rxe7 Nc6 22. Rxb7 Rxd3+ 23. Ke2 Rxa3 24. Rxb5 Nd4+ 25. Kd2 Nxb5 26. Nc5 Rd8+ 27. Kc2 Rc3+ 28. Kb2 Rc4 29. Nb7 Rxb4+ 0-1

[Event "January 2 Late 2024"]
[Site "https://www.chess.com"]
[Date "2024.01.02"]
[Round "2"]
[White "Pepino, Enrico"]
[Black "Seletsky, Grigory"]
[Result "1/2-1/2"]
[Board "231"]
[TimeControl "180+1"]
[WhiteFideId "810908"]
[BlackFideId "14112191"]
[WhiteElo "2057"]
[BlackElo "2427"]
[WhiteTeam "ITA"]
[BlackTeam "UKR"]
[WhiteClock "0:00:21"]
[BlackClock "0:00:39"]

1. e4 e6 2. d4 d5 3. Nd2 Nc6 4. Ngf3 Nf6 5. e5 Nd7 6. Bd3 Nb4 7. Be2 c5 8. c3 Nc6 9. Bd3 cxd4 10. cxd4 Qb6 11. O-O Nxd4 12. Nxd4 Qxd4 13. Nf3 Qb6 14. Qa4 Qb4 15. Qc2 Qc5 16. Qe2 Be7 17. Be3 Qa5 18. a3 Nb8 19. b4 Qd8 20. Rac1 a6 21. Rc2 Nc6 22. Rfc1 Bd7 23. Bd2 O-O 24. h4 h6 25. Bf4 f6 26. exf6 Bxf6 27. h5 Nd4 28. Nxd4 Bxd4 29. Be3 Qf6 30. Rc7 Bxe3 31. Qxe3 Bc6 32. f4 Qxf4 33. Qxe6+ Kh8 34. Qg6 Qxc1+ 35. Kh2 Qf4+ 36. Kg1 Qd4+ 37. Kh2 Qh4+ 38. Kg1 Qe1+ 39. Kh2 Qe5+ 40. Kg1 Rf1+ 41. Kxf1 Qa1+ 42. Bb1 Rf8+ 43. Kg1 Qd4+ 44. Kh2 Qh4+ 45. Kg1 Qe1+ 46. Kh2 Qh4+ 47. Kg1 Qe1+ 48. Kh2 Qh4+ 1/2-1/2

[Event "January 2 Late 2024"]
[Site "https://www.chess.com"]
[Date "2024.01.02"]
[Round "2"]
[White "Xie, Bryan"]
[Black "tolia123"]
[Result "1-0"]
[Board "232"]
[TimeControl "180+1"]
[WhiteFideId "30941296"]
[WhiteElo "2426"]
[BlackElo "2035"]
[WhiteTeam "USA"]
[WhiteClock "0:00:55"]
[BlackClock "0:00:45"]

1. e4 c5 2. Nf3 d6 3. d4 cxd4 4. Nxd4 Nf6 5. Nc3 Nc6 6. Bg5 Qa5 7. Bxf6 gxf6 8. Qd2 Bg7 9. O-O-O Bd7 10. Kb1 a6 11. Nd5 Qxd2 12. Rxd2 Nxd4 13. Nc7+ Kd8 14. Nxa8 f5 15. Bd3 b5 16. Nb6 Bc6 17. f3 e6 18. c3 Kc7 19. cxd4 Kxb6 20. exf5 Bxd4 21. fxe6 fxe6 22. Bxb5 e5 23. Bxc6 Kxc6 24. Rc1+ Kd7 25. Rc4 Rb8 26. b3 Ke6 27. Ra4 Rb6 28. Rc2 Bg1 29. Rh4 Rb7 30. Rh6+ Kd5 31. Rc8 a5 32. Ra8 Bb6 33. Rh8 a4 34. R6xh7 Bc7 35. Rc8 axb3 36. Rcxc7 1-0

[Event "January 2 Late 2024"]
[Site "https://www.chess.com"]
[Date "2024.01.02"]
[Round "2"]
[White "Vujcic, Milena"]
[Black "Musalov, Ruslan"]
[Result "0-1"]
[Board "233"]
[TimeControl "180+1"]
[WhiteFideId "954748"]
[BlackFideId "4141490"]
[WhiteElo "2034"]
[BlackElo "2424"]
[WhiteTeam "SRB"]
[BlackTeam "RUS"]
[WhiteClock "0:00:09"]
[BlackClock "0:01:50"]

1. e4 c5 2. Nf3 d6 3. d4 cxd4 4. Nxd4 Nf6 5. Nc3 a6 6. Bg5 Nbd7 7. Qe2 Qc7 8. O-O-O e6 9. f4 Be7 10. g4 b5 11. a3 Bb7 12. Bg2 Rc8 13. Bxf6 gxf6 14. h4 Nb6 15. g5 Nc4 16. Rh3 Qa5 17. Kb1 Nxa3+ 18. bxa3 Rxc3 19. Nb3 Qc7 20. Rxc3 Qxc3 21. gxf6 Bxf6 22. e5 dxe5 23. Bxb7 e4 24. Kc1 O-O 25. Rg1+ Kh8 26. Qg4 Rd8 27. Bd5 Qb2+ 28. Kd1 Rxd5+ 29. Ke1 Qb1+ 30. Kf2 Qxc2+ 31. Kg3 Qxb3+ 0-1

[Event "January 2 Late 2024"]
[Site "https://www.chess.com"]
[Date "2024.01.02"]
[Round "2"]
[White "Nielsen, Viktor Haarmark"]
[Black "Bongo Akanga Ndjila, Barthelemy"]
[Result "1-0"]
[Board "234"]
[TimeControl "180+1"]
[WhiteFideId "1444492"]
[BlackFideId "10609431"]
[WhiteElo "2424"]
[BlackElo "2028"]
[WhiteTeam "DEN"]
[BlackTeam "GAB"]
[WhiteClock "0:01:11"]
[BlackClock "0:00:06"]

1. e4 c6 2. Nf3 d5 3. d3 dxe4 4. dxe4 Qxd1+ 5. Kxd1 Nf6 6. Nfd2 e5 7. f3 Bc5 8. Nc4 Nfd7 9. Be3 Bxe3 10. Nxe3 f6 11. c3 Nb6 12. Kc2 Be6 13. a4 a5 14. Nd2 N8d7 15. Be2 Nc5 16. Rhb1 O-O-O 17. Ndc4 Nxc4 18. Bxc4 Kc7 19. b4 axb4 20. Rxb4 Rd7 21. Rab1 Bxc4 22. Nxc4 Rhd8 23. a5 Rd3 24. Ra1 h5 25. h4 g5 26. hxg5 h4 27. gxf6 h3 28. Rg1 hxg2 29. Rxg2 Rxf3 30. Rg7+ Kb8 31. Rg2 Rxf6 32. Nxe5 Ka7 33. Rc4 Ne6 34. Rg6 Rxg6 35. Nxg6 Nf4 36. Nxf4 Ka6 37. Ne6 Rd6 38. Nc5+ Ka7 39. Rb4 Rh6 40. Rxb7+ Ka8 41. a6 Rh2+ 42. Kd1 Rh5 43. Nd7 Ra5 44. Nb6# 1-0

[Event "January 2 Late 2024"]
[Site "https://www.chess.com"]
[Date "2024.01.02"]
[Round "2"]
[White "Bellissimo, Joseph F."]
[Black "Oliveira, Tiago Batista"]
[Result "1-0"]
[Board "235"]
[TimeControl "180+1"]
[WhiteFideId "2609843"]
[BlackFideId "2108291"]
[WhiteElo "2423"]
[BlackElo "2026"]
[WhiteTeam "CAN"]
[BlackTeam "BRA"]
[WhiteClock "0:01:45"]
[BlackClock "0:00:02"]

1. e4 e5 2. Nf3 Nc6 3. Bc4 Bc5 4. c3 Nf6 5. d3 h6 6. Nbd2 d6 7. Nf1 Bb6 8. Ng3 Be6 9. Bb3 Qd7 10. Bc2 a5 11. d4 Bc4 12. b3 Ba6 13. d5 Ne7 14. c4 O-O 15. O-O Ng6 16. Nf5 Kh7 17. Bd2 Rae8 18. Qc1 Ng8 19. h4 c6 20. Re1 cxd5 21. cxd5 Rc8 22. Qd1 Nf6 23. h5 Ne7 24. N3h4 Nxf5 25. Nxf5 Rc7 26. Bb1 Rfc8 27. Qf3 Bd4 28. Nxd4 exd4 29. e5+ Kg8 30. exf6 1-0